 Dungeon Crawl Stone Soup version 0.28.0 (webtiles) character file.

Game seed: 17232856788849568340

343 Findor the Cudgeller (level 6, 0/35 HPs)
             Began as a Gargoyle Gladiator on Feb 6, 2022.
             Slain by a scorpion (3 damage)
             ... on level 4 of the Dungeon.
             The game lasted 00:05:16 (4290 turns).

Findor the Cudgeller (Gargoyle Gladiator)           Turns: 4290, Time: 00:05:17

Health: 0/35       AC: 10    Str: 20    XL:     6   Next: 57%
Magic:  6/6        EV: 15    Int:  8    God:
Gold:   91         SH:  0    Dex: 11    Spells: 5/5 levels left

rFire   . . .      SeeInvis .   a - +0 flail
rCold   . . .      Faith    .   (no shield)
rNeg    + . .      Spirit   .   k - +0 ring mail
rPois   ∞          Reflect  .   c - +0 helmet
rElec   +          Harm     .   (no cloak)
rCorr   .          Rampage  .   (no gloves)
Will    .....                   (no boots)
Stlth   +.........              (no amulet)
HPRegen 0.11/turn               s - +4 ring of evasion
MPRegen 0.10/turn               (no ring)

@: mighty, brilliant
A: sickness immunity, AC +4, negative energy resistance 1, electricity
resistance, torment resistance 1, petrification resistance
a: no special abilities


You were on level 4 of the Dungeon.
You visited 1 branch of the dungeon, and saw 4 of its levels.

You collected 91 gold pieces.


Innate Abilities, Weirdness & Mutations

You are immune to sickness and miasma.
Your stone body is resilient. (AC +4)
You are immune to poison.
You resist negative energy. (rN+)
You are resistant to electric shocks. (rElec)
You are resistant to unholy torment.
You are immune to petrification.


   Skills:
 - Level 2.1 Fighting
 * Level 7.2 Maces & Flails
 - Level 1.7 Throwing
 - Level 2.4 Dodging


You had 5 spell levels left.
You didn't know any spells.
Your spell library contained the following spells:

 Spells                   Type           Power      Damage    Failure   Level
 Frozen Ramparts          Ice            0%         1d2       92%         3
 Inner Flame              Hex/Fire       0%         N/A       92%         3
 Portal Projectile        Hex/Tloc       0%         N/A       92%         3
 Cause Fear               Hex            0%         N/A       100%        4
 Ice Form                 Ice/Tmut       0%         N/A       100%        4
 Summon Ice Beast         Ice/Summ       0%         N/A       100%        4
 Blade Hands              Tmut           0%         N/A       100%        5
 Excruciating Wounds      Necr           0%         N/A       100%        5
 Discord                  Hex            0%         N/A       100%        8

Inventory:

Hand Weapons
 a - a +0 flail (weapon)
Missiles
 d - 4 throwing nets (quivered) {!f}
 u - 5 boomerangs
Armour
 b - a +0 leather armour
 c - a +0 helmet (worn)
 k - a +0 ring mail (worn)
   (You found it on level 2 of the Dungeon)
Jewellery
 s - a +4 ring of evasion (left hand)
   (You found it on level 3 of the Dungeon)
Scrolls
 e - a scroll of amnesia {unknown}
 f - a scroll of blinking {unknown}
 g - a scroll of enchant weapon {unknown}
 h - 4 scrolls of fear {unknown}
 m - 2 scrolls of enchant armour {unknown}
 p - 3 scrolls of identify {unknown}
 t - a scroll of teleportation {unknown}
Potions
 j - a potion of heal wounds {unknown}
 n - a potion of invisibility {unknown}
 o - a potion of curing {unknown}
 q - a potion of resistance {unknown}
 r - a potion of ambrosia {unknown}


Message History

You closely miss the necrophage. The necrophage closely misses you.
You closely miss the necrophage.
The necrophage hits you but does no damage.
The necrophage hits you.
You hit the necrophage.
You destroy the necrophage!
Your Maces & Flails skill increases to level 7!
You see here a necrophage corpse.
A goblin comes into view. It is wielding a +0 club.
The goblin shouts!
The goblin completely misses you.
You hit the goblin but do no damage. You punch the goblin.
The goblin hits you but does no damage.
You sock the goblin!
You kill the goblin!
No target in view!
No target in view!
No target in view!
No target in view!
No target in view!
No target in view!
Things that are here:
a +0 club; a goblin corpse
Found a lumpy blue potion.
A howler monkey skeleton and a scorpion come into view.
The scorpion stings you.
You hit the scorpion. The scorpion closely misses you.
You hit the scorpion. The scorpion completely misses you.
You hit the scorpion. The scorpion misses you.
You hit the scorpion but do no damage. The scorpion completely misses you.
The scorpion closely misses you.
You hit the scorpion but do no damage. The scorpion barely misses you.
You completely miss the scorpion. The scorpion stings you.
You closely miss the scorpion. The scorpion stings you.
You barely miss the scorpion. The scorpion stings you.
You hit the scorpion but do no damage. The scorpion stings you!
* * * LOW HITPOINT WARNING * * *
The scorpion closely misses you.
You hit the scorpion. The scorpion barely misses you.
Unknown command.
It was a potion of brilliance.
You feel clever all of a sudden. The scorpion stings you.
* * * LOW HITPOINT WARNING * * *
It was a potion of might.
You feel very mighty all of a sudden. The scorpion stings you.
* * * LOW HITPOINT WARNING * * *
You barely miss the scorpion. The scorpion stings you.
You die...

.# .. .# .# ##.# #..
#.# #@# ##s# #.Z#
..... #..# .....
##..## ......
###....## ......
##...#...###...!..
####...###...#.......
..#.....##
##..........


You could see a scorpion and a howler monkey skeleton.

Vanquished Creatures
  A necrophage (D:4)
  A hound (D:3)
  2 orc priests (D:3)
  An orc wizard (D:3)
  3 adders
  A gnoll (D:2)
  2 worms (D:2)
  11 orcs
  10 ball pythons
  6 bats
  11 endoplasms
  2 giant cockroaches (D:2)
  5 goblins
  6 hobgoblins
  5 jackals
  4 quokkas
  2 frilled lizards (D:2)
  3 kobolds
  3 rats
79 creatures vanquished.

Notes
Turn   | Place    | Note
-------+----------+-------------------------------------------
     0 | D:1      | Findor the Gargoyle Gladiator began the quest for the Orb.
     0 | D:1      | Reached XP level 1. HP: 12/12 MP: 1/1
   140 | D:1      | Found a faded altar of an unknown god.
   227 | D:1      | Reached XP level 2. HP: 8/17 MP: 2/2
   498 | D:1      | Found Ozoecues's Antique Armour Shoppe.
   706 | D:1      | Reached skill level 4 in Maces & Flails
   711 | D:1      | Reached XP level 3. HP: 19/21 MP: 3/3
  1419 | D:2      | Reached XP level 4. HP: 14/26 MP: 4/4
  1839 | D:2      | Reached skill level 5 in Maces & Flails
  2644 | D:3      | Reached XP level 5. HP: 28/30 MP: 5/5
  2809 | D:3      | Reached skill level 6 in Maces & Flails
  3836 | D:4      | Found a transporter.
  3836 | D:4      | Found a transporter.
  3845 | D:3      | Reached XP level 6. HP: 21/35 MP: 6/6
  3973 | D:4      | Noticed a necrophage
  4234 | D:4      | Killed a necrophage
  4235 | D:4      | Reached skill level 7 in Maces & Flails
  4289 | D:4      | HP: 3/35 [scorpion (6)]
  4290 | D:4      | Slain by a scorpion

Levels and vault maps discovered:
D:1:      tarquinn_simple_flora_water_f, layout_rooms,
          shapermc_ecumenical_altar_mp_vishouse, serial_shops, shop
D:2:      minmay_angry_zag, layout_basic, minmay_misc_feat_plants, minivault_5
D:3:      layout_loops_ring
D:4:      gammafunk_wand_slinger, layout_cave_pods, temple_hall,
          serial_column_ruins, column_ruins_hut_water, column_ruins_hut,
          column_ruins_grid_2, column_ruins_open_small, column_ruins_grid_1,
          column_ruins_columns_corner, column_ruins_open_small,
          column_ruins_open_tiny, uniq_duvessa

Action                   |  1- 3 |  4- 6 || total
-------------------------+-------+-------++-------
Melee: Flail             |   129 |   180 ||   309
       Punch             |       |     2 ||     2
  Use: Potion            |       |     2 ||     2
Armor: Leather armour    |    53 |       ||    53
       Ring mail         |    10 |    81 ||    91
Dodge: Dodged            |   126 |   137 ||   263
